 Dungeon Crawl Stone Soup version 0.31-a0-542-gdc2a67831c (webtiles) character file.

Game seed: 1924438098823942576

2809 mobinator the Trooper (level 9, -10/79 HPs)
             Began as a Hill Orc Fighter on Aug 14, 2023.
             Was an Initiate of Ru.
             Killed from afar by an acid dragon (25 damage)
             ... with a splash of acid
             ... on level 8 of the Dungeon.
             The game lasted 00:27:54 (6512 turns).

mobinator the Trooper (Hill Orc Fighter)            Turns: 6512, Time: 00:27:54

Health: -10/79     AC:  4    Str: 19    XL:     9   Next: 72%
Magic:  11/11      EV:  7    Int:  8    God:    Ru [......]
Gold:   270        SH:  5    Dex: 14    Spells: 8/11 levels left

rFire   . . .        b - +3 falchion (flame)
rCold   + . .        c - +0 buckler
rNeg    . . .        J - +3 chain mail {rC+}
rPois   .            (no helmet)
rElec   .            O - +2 cloak
rCorr   .            (no gloves)
SInv    .            (no boots)
Will    .....        F - amulet of regeneration Stlth
                     n - +4 ring of protection
HPRegen 0.33/turn    m - +4 ring of protection
MPRegen 0.12/turn

%: no passive effects
@: corroded
A: no striking features
a: Renounce Religion, Sacrifice Stealth, Sacrifice Artifice, Sacrifice an Eye,
Reject Sacrifices


You were on level 8 of the Dungeon.
You worshipped Ru.
Ru was noncommittal.
You visited 1 branch of the dungeon, and saw 8 of its levels.

You collected 270 gold pieces.

Inventory:

Hand Weapons
 a - a +0 sling of freezing
 b - a +3 falchion of flaming (weapon)
 r - a +0 scimitar
 I - a +0 long sword
Armour
 c - a +0 buckler (worn)
 d - a +0 scale mail
 s - a +0 cloak
 u - the +2 robe of the Orcish Mines {*Corrode rElec rF- Int+7}
   (You found it on level 3 of the Dungeon)

   Int+7:     It affects your intelligence (+7).
   rF-:       It makes you vulnerable to fire.
   rElec:     It insulates you from electricity.
   *Corrode:  It may corrode you when you take damage.
 J - a +3 chain mail of cold resistance (worn)
 O - a +2 cloak (worn)
Jewellery
 m - a +4 ring of protection (right hand)
 n - a +4 ring of protection (left hand)
 F - an amulet of regeneration (around neck)
 N - a ring of protection from cold
Wands
 x - a wand of polymorph (13)
 B - a wand of flame (9)
 K - a wand of iceblast (9) (quivered)
 L - a wand of mindburst (6)
Scrolls
 f - 3 scrolls of teleportation
 i - a scroll of summoning {unknown}
 j - a scroll of blinking {unknown}
 k - 3 scrolls of identify
 p - a scroll of enchant weapon {unknown}
 q - 2 scrolls of immolation {unknown}
 v - 5 scrolls of brand weapon
 w - 5 scrolls of revelation
 y - a scroll of vulnerability {unknown}
 z - a scroll of poison {unknown}
 E - a scroll of enchant armour {unknown}
 H - a scroll of amnesia {unknown}
Potions
 e - a potion of attraction {unknown}
 g - 2 potions of curing
 h - a potion of lignification {unknown}
 l - 2 potions of degeneration {unknown}
 o - a potion of haste
 t - 2 potions of mutation {unknown}
 A - a potion of berserk rage
 C - a potion of magic {unknown}
 D - a potion of might
 G - a potion of enlightenment {unknown}
 M - a potion of invisibility {unknown}


   Skills:
 + Level 7.2 Fighting
 + Level 5.8 Long Blades
 + Level 2.2 Ranged Weapons
 + Level 6.4 Armour
 + Level 6.3 Shields
 - Level 1.5 Spellcasting
 * Level 4.1 Translocations
 * Level 4.1 Air Magic


You had 8 spell levels left.
You knew the following spells:

 Your Spells              Type           Power      Damage    Failure   Level
a - Vhi's Electric Charg  Tloc/Air       14%        N/A       88%         3

Your spell library contained the following spells:

 Spells                   Type           Power      Damage    Failure   Level
 Lesser Beckoning         Tloc           14%        N/A       67%         2
 Gell's Gravitas          Tloc           7%         N/A       88%         3
 Teleport Other           Tloc           7%         N/A       88%         3
 Cigotuvi's Dreadful Rot  Necr/Pois/Air  4%         N/A       96%         2
 Foxfire                  Conj/Fire      0%         2x1d4     97%         1
 Sandblast                Erth           0%         2d4       97%         1
 Passwall                 Tmut/Erth      0%         N/A       99%         2
 Portal Projectile        Hex/Tloc       6%         N/A       99%         3
 Call Canine Familiar     Summ           0%         N/A       100%        3
 Ignite Poison            Fire/Tmut/Pois 0%         N/A       100%        3
 Stone Arrow              Conj/Erth      0%         3d7       100%        3
 Leda's Liquefaction      Hex/Erth       0%         N/A       100%        4
 Arcjolt                  Conj/Air       1%         1d11      100%        5
 Freezing Cloud           Conj/Ice/Air   1%         6-21      100%        5
 Plasma Beam              Fire/Air       1%         2x1d11    100%        6
 Starburst                Conj/Fire      0%         6d3       100%        6
 Maxwell's Capacitive Co  Air            3%         ∞         100%        8


Dungeon Overview and Level Annotations

Branches:
Dungeon (8/15)             Temple (0/1) D:6
   Lair: D:8-11

Altars:
Ashenzari
Ru
Yredelemnul

Shops:
D:1 (   D:2 (

Annotations:
D:5 4 transporters, Sphara's ghost, novice OgAr


Message History

The acid dragon is moderately wounded.
The acid dragon spits acid at you. The splash of acid hits you!
The acid corrodes you!
You hit the acid dragon but do no damage.
The acid dragon is moderately wounded.
The acid dragon bites you but does no damage.
The acid dragon claws you but does no damage.
You closely miss the acid dragon.
The acid dragon is moderately wounded.
The acid dragon bites you. The acid dragon claws you.
You barely miss the acid dragon.
The acid dragon is moderately wounded.
The acid dragon barely misses you.
The acid dragon claws you but does no damage.
You hit the acid dragon. You burn the acid dragon.
The acid dragon is heavily wounded.
The acid dragon spits acid at you. The splash of acid hits you!!
* * * LOW HITPOINT WARNING * * *
The acid corrodes you!
You hit the acid dragon but do no damage.
The acid dragon is heavily wounded.
The acid dragon bites you.
* * * LOW HITPOINT WARNING * * *
The acid dragon claws you but does no damage.
You feel better. The acid dragon barely misses you.
The acid dragon claws you but does no damage.
You hit the acid dragon but do no damage.
The acid dragon is heavily wounded.
The acid dragon bites you!
* * * LOW HITPOINT WARNING * * *
You block the acid dragon's attack.
Aiming: Iceblast
Press: ? - help, Q - select action, (/) - cycle Shift-Dir - straight line The mass of ice explodes!
The iceblast engulfs the acid dragon!
The acid dragon is almost dead.
You hear an angry buzzing noise.
The acid dragon spits acid at you. The splash of acid hits you!!
You die...

............
#...................###.
#....#..................
#....#..................
#.........#.............
#.........#.............
..........#.............
.#........#.....D.......
'#..............@#......
........................
..................######
.....................#
.....#####........)..#
.......###.....##....#
...............##....##
...............##.....#
#..........#...##.....#


You could see an acid dragon (catching breath).

Vanquished Creatures
  Maurice (D:8)
  A water moccasin (D:7)
  Duvessa (D:7)
  2 ice beasts
  4 centaurs
  3 ogres
  A phantom (D:6)
  4 bullfrogs
  3 scorpions
  5 wights (D:7)
  Dowan (D:7)
  A jelly (D:6)
  A hound (D:6)
  3 orc priests
  2 sleepcaps
  5 iguanas
  Ijyb (D:3)
  Terence (D:2)
  3 orc wizards
  Natasha (twice) (D:3)
  7 adders
  3 white imps
  2 worms
  6 dart slugs
  11 orcs
  4 endoplasms
  6 giant cockroaches
  13 goblins
  3 hobgoblins
  8 kobolds
  2 quokkas
  6 ball pythons
  6 bats
  7 frilled lizards
  9 rats
138 creatures vanquished.

Vanquished Creatures (others)
  An orc wizard (D:4)
1 creature vanquished.

Grand Total: 139 creatures vanquished

Notes
Turn   | Place    | Note
-------+----------+-------------------------------------------
     0 | D:1      | mobinator the Hill Orc Fighter began the quest for the Orb.
     0 | D:1      | Reached XP level 1. HP: 19/19 MP: 1/1
   308 | D:1      | Reached XP level 2. HP: 26/27 MP: 2/2
   374 | D:1      | Reached skill level 4 in Fighting
   531 | D:1      | Reached XP level 3. HP: 33/33 MP: 3/3
   828 | D:1      | Found Duxiw's Antique Weapon Shop.
  1405 | D:2      | You fall into a shaft and drop 2 floors!
  1428 | D:4      | Noticed an ogre
  1641 | D:4      | Reached XP level 4. HP: 41/41 MP: 4/4
  1696 | D:4      | Noticed a scorpion
  1977 | D:4      | Killed a scorpion
  1978 | D:4      | Reached XP level 5. HP: 41/47 MP: 5/5
  2026 | D:3      | Identified the +2 robe of the Orcish Mines {*Corrode rElec
                  | rF- Int+7}
  2044 | D:3      | Found a sacrificial altar of Ru.
  2266 | D:3      | Reached skill level 5 in Fighting
  2330 | D:3      | Noticed Natasha
  2335 | D:3      | Killed Natasha
  2336 | D:3      | Reached XP level 6. HP: 51/56 MP: 6/6
  2406 | D:3      | Found a broken altar of Ashenzari.
  2408 | D:3      | Found a basalt altar of Yredelemnul.
  2441 | D:3      | Learned a level 3 spell: Vhi's Electric Charge
  2495 | D:3      | Noticed Ijyb
  2505 | D:3      | Killed Ijyb
  2560 | D:3      | Noticed Natasha
  2573 | D:3      | Killed Natasha
  2940 | D:2      | Noticed Terence
  2946 | D:2      | Killed Terence
  3154 | D:2      | Found Ceiluem's Weapon Boutique.
  3270 | D:3      | Became a worshipper of Ru the Awakened
  3501 | D:4      | Reached XP level 7. HP: 51/61 MP: 7/7
  3823 | D:5      | Entered Level 5 of the Dungeon
  4001 | D:5      | Reached skill level 5 in Armour
  4001 | D:5      | Reached skill level 1 in Translocations
  4001 | D:5      | Reached skill level 1 in Air Magic
  4006 | D:5      | Reached skill level 1 in Spellcasting
  4013 | D:5      | Reached skill level 5 in Shields
  4154 | D:5      | Found a transporter.
  4228 | D:5      | Found a transporter.
  4299 | D:5      | Found a transporter.
  4305 | D:5      | Noticed Sphara's ghost (novice OgAr)
  4378 | D:5      | Found a transporter.
  4524 | D:6      | Reached skill level 6 in Fighting
  4524 | D:6      | Reached XP level 8. HP: 66/70 MP: 10/10
  4958 | D:6      | Found a staircase to the Ecumenical Temple.
  5291 | D:7      | Reached skill level 5 in Long Blades
  5298 | D:7      | Noticed Dowan
  5300 | D:7      | Noticed Duvessa
  5490 | D:7      | Killed Duvessa
  5493 | D:7      | Killed Dowan
  5494 | D:7      | Reached skill level 1 in Ranged Weapons
  5501 | D:7      | Reached XP level 9. HP: 63/78 MP: 11/11
  5695 | D:7      | Reached skill level 7 in Fighting
  6430 | D:8      | Noticed Maurice
  6462 | D:8      | Killed Maurice
  6512 | D:8      | Killed from afar by an acid dragon

Illustrated notes

Levels and vault maps discovered:
D:1:      minmay_arrival_solitary_statue, layout_loops_ring, serial_shops,
          nicolae_square_shop, minivault_27
D:2:      layout_loops_ring, serial_shops, shop, uniq_terence
D:3:      layout_loops_ring, mainiacjoe_overflow_brackets,
          nicolae_overflow_squiral, ebering_dispersal_statue_hall,
          minmay_crystal_water, uniq_natasha, uniq_ijyb
D:4:      layout_loops_corners
D:5:      gammafunk_cloud_chamber, layout_basic, gammafunk_ghost_gnarly_gnolls
D:6:      layout_loops_ring, minmay_temple_entry_trees
D:7:      layout_cave_pools, uniq_duvessa
D:8:      layout_basic, uniq_psyche, uniq_maurice

Skill      XL: |  1  2  3  4  5  6  7  8  9 |
---------------+----------------------------+-----
Fighting       | 4 5 6 7 |  7.2
Long Blades    | 3 4 5 |  5.8
Armour         | 4 5 6 |  6.4
Shields        | 4 5 6 |  6.3
Translocations | 1 3 4 |  4.1
Air Magic      | 1 3 4 |  4.1
Spellcasting   | 1 |  1.5
Ranged Weapons | 1 2 |  2.2

Action                     |  1- 3 |  4- 6 |  7- 9 || total
---------------------------+-------+-------+-------++-------
  Melee: Long sword        |   149 |       |       ||   149
         Scimitar          |     6 |    38 |       ||    44
         Falchion          |       |    93 |   294 ||   387
   Fire: Sling             |       |       |     5 ||     5
  Evoke: Wand              |       |       |     3 ||     3
    Use: Scroll            |     2 |     1 |     3 ||     6
         Potion            |       |     2 |     4 ||     6
 Armour: Scale mail        |   142 |    91 |   158 ||   391
         Chain mail        |       |       |    71 ||    71
  Dodge: Dodged            |   126 |    58 |   122 ||   306
  Block: Buckler           |    55 |    27 |    81 ||   163

Table legend: (Time is in decaauts)
 A = Elapsed time spent in this place.
 B = Non-inter-level travel time spent in this place.
 C = Inter-level travel time spent in this place.
 D = Time resting spent in this place.
 E = Time spent auto-exploring this place.
 F = Levels seen in this place.
 G = Mean time per level.
                   A        B        C        D        E       F      G
               +--------+--------+--------+--------+--------+-----+--------+
         Total |   6600 |   6317 |    283 |    827 |   3255 |   8 |  825.0 |
       Dungeon |   6600 |   6317 |    283 |    827 |   3255 |   8 |  825.0 |
               +--------+--------+--------+--------+--------+-----+--------+

Top non-repeatable levels by time:
     D:6: 1178 daAuts
     D:4: 1157 daAuts
     D:1: 1058 daAuts
     D:2: 864 daAuts
     D:3: 815 daAuts
     D:7: 747 daAuts
     D:5: 662 daAuts
     D:8: 118 daAuts
